 Dungeon Crawl Stone Soup version 0.31-a0-1612-g4aaf141 (webtiles) character file.

Game seed: 12140642002217197494

14548 msghost the Cleaver (level 11, -12/103 HPs)
             Began as a Minotaur Fighter on Jan 8, 2024.
             Was a High Priest of Cheibriados.
             Mangled by an ettin
             ... wielding a +1 dire flail of protection
              (18 damage)
             ... on level 1 of the Orcish Mines on Jan 9, 2024.
             The game lasted 01:13:47 (11551 turns).

msghost the Cleaver (Minotaur Fighter)             Turns: 11551, Time: 01:13:47

Health: -12/103    AC: 32    Str: 43    XL:     11   Next: 90%
Magic:  10/10      EV:  9    Int: 17    God:    Cheibriados [*****.]
Gold:   765        SH:  0    Dex: 22    Spells: 10/10 levels left

rFire   + . .        E - +3 battleaxe
rCold   . . .        (shield currently unavailable)
rNeg    . . .        r - +10 plate armour of Poor Excuses {SInv}
rPois   .            (helmet restricted)
rElec   .            I - +1 cloak {Stlth+}
rCorr   .            (no gloves)
SInv    +            f - +2 pair of boots
Will    .....        (no amulet) Stlth
                     i - ring of protection from fire
HPRegen 0.37/turn    J - +6 ring of strength
MPRegen 0.12/turn

%: no passive effects
@: very slow
A: horns 2, retaliatory headbutt
a: Renounce Religion, Bend Time, Temporal Distortion, Slouch, Step From Time


You were on level 1 of the Orcish Mines.
You worshipped Cheibriados.
Cheibriados was extremely pleased with you.
You visited 4 branches of the dungeon, and saw 14 of its levels.

You collected 765 gold pieces.

Inventory:

Hand Weapons
 a - a +0 war axe
 E - a +3 battleaxe (weapon)
 H - a +5 halberd
Missiles
 l - 2 silver javelins
 s - 2 javelins
 D - a throwing net (quivered)
 L - 4 boomerangs
Armour
 b - a +2 buckler
 f - a +2 pair of boots (worn)
 r - the +10 plate armour of Poor Excuses (worn) {SInv}
   (You found it on level 3 of the Dungeon)

   SInv:      It lets you see invisible.
 I - a +1 cloak of stealth (worn)
 O - a +8 chain mail of ponderousness
Jewellery
 i - a ring of protection from fire (left hand)
 n - a ring of resist corrosion
 v - a ring of see invisible
 B - a ring of willpower
 J - a +6 ring of strength (right hand)
 N - a ring of fire
Scrolls
 c - a scroll of amnesia {unknown}
 h - 2 scrolls of brand weapon
 k - 2 scrolls of blinking {unknown}
 o - 2 scrolls of vulnerability
 q - a scroll of fog {unknown}
 t - 2 scrolls of revelation {unknown}
 x - a scroll of torment
 z - 3 scrolls of enchant weapon {unknown}
 K - a scroll of immolation {unknown}
Potions
 d - 3 potions of might
 e - 5 potions of curing
 g - 4 potions of berserk rage
 m - a potion of brilliance {unknown}
 p - 2 potions of attraction
 w - a potion of degeneration
 A - 3 potions of haste
 C - a potion of mutation {unknown}
 F - a potion of resistance {unknown}
 G - 2 potions of cancellation
 P - 2 potions of lignification {unknown}
Miscellaneous
 j - a lightning rod (4/4)


   Skills:
 + Level 11.6 Fighting
 + Level 13.5 Axes
 - Level 6.4 Throwing
 - Level 13.0 Armour
 - Level 5.8 Shields


You had 10 spell levels left.
You didn't know any spells.
Your spell library contained the following spells:

 Spells                   Type           Power      Damage    Failure   Level
 Foxfire                  Conj/Fire      0%         2x1d4     65%         1
 Hailstorm                Conj/Ice       0%         3d5       95%         3
 Summon Ice Beast         Ice/Summ       0%         N/A       95%         3
 Cause Fear               Hex            0%         N/A       100%        4
 Fireball                 Conj/Fire      0%         3d3       100%        5
 Conjure Ball Lightning   Conj/Air       0%         3x3d6     100%        6
 Sculpt Simulacrum        Ice/Alch       0%         N/A       100%        6
 Discord                  Hex            0%         N/A       100%        8
 Disjunction              Tloc           0%         N/A       100%        8
 Dragon's Call            Summ           0%         N/A       100%        9


Dungeon Overview and Level Annotations

Branches:
Dungeon (11/15)            Temple (1/1) D:6            Lair (1/5) D:11
    Orc (1/2) D:11

Altars:
Ashenzari
Cheibriados
Dithmenos
Elyvilon
Fedhas
Gozag
Hepliaklqana
Kikubaaqudgha
Makhleb
Nemelex Xobeh
Okawaru
Qazlal
Ru
Sif Muna
Trog
Uskayaw
Vehumet
Wu Jian
Xom
Yredelemnul
Zin
The Shining One

Shops:
D:9 :


Innate Abilities, Weirdness & Mutations

You have a pair of horns on your head.
You reflexively headbutt those who attack you in melee.


Message History

You slash the ettin! You headbutt the ettin!
The ettin is moderately wounded.
You slash the cyclops! The ettin hits you but does no damage.
The ettin hits you with a +0 dire flail!!
An orc comes into view. It is wielding a +0 short sword.
The cyclops closely misses you.
Unknown command.
You barely miss the ettin. You headbutt the ettin!
The ettin is heavily wounded.
You hit the cyclops but do no damage. The ettin barely misses you.
The ettin hits you but does no damage.
The cyclops hits you but does no damage.
The ettin hits you but does no damage.
The ettin hits you with a +0 dire flail.
The ettin hits you with a +1 dire flail of protection!
* * * LOW HITPOINT WARNING * * *
The ettin barely misses you.
The cyclops throws a large rock.
The large rock barely misses you.
You see here 5 large rocks.
You hit the ettin but do no damage.
You headbutt the ettin, but do no damage.
The ettin is heavily wounded.
A warg comes into view.
The ettin hits you with a +1 dire flail of protection!
* * * LOW HITPOINT WARNING * * *
The ettin completely misses you.
Aiming: Thunderbolt
Press: ? - help, Shift-Dir - straight line, f - ettin
Aim: an ettin, wielding a +1 dire flail of protection and a +0 dire flail (heavily wounded)
Okay, then.
You feel better.
The warg howls!
You hear a shout!
The ettin hits you but does no damage.
The ettin hits you with a +0 dire flail!
* * * LOW HITPOINT WARNING * * *
An ogre comes into view. It is wielding a +0 giant club.
You completely miss the ettin. You headbutt the ettin!
The ettin is severely wounded.
The ettin hits you with a +1 dire flail of protection!!
You die...

.#. #..# ..O.###### ..
....#.#.## .. #.......
#. ......# #.
#...###############
#.@C.........$.....
####(...............
#.o.o..............$
#.....C...............
..h.....$..............
...............$.......
.###+++###.............
#.............
..........###


You could see an ettin, a cyclops, an ogre and an orc.

Vanquished Creatures
  An ogre mage (Orc:1)
  A two-headed ogre (D:11)
  3 death yaks (D:11)
  A skeletal warrior (D:11)
  A harpy (shapeshifter) (D:11)
  Maurice (D:8)
  2 cyclopes (Orc:1)
  Maggie (D:6)
  An unseen horror (D:11)
  2 kobold demonologists
  A freezing wraith (D:11)
  A troll (D:11)
  2 wyverns
  16 yaks
  A warg (Orc:1)
  A wraith (D:9)
  A steam dragon (D:8)
  A water moccasin (D:7)
  Duvessa (D:5)
  2 black bears
  5 orc warriors
  A sky beast (D:7)
  6 ogres
  A centaur (D:6)
  A kobold brigand (D:9)
  2 gnoll sergeants
  3 scorpions
  2 bullfrogs
  12 wights
  Dowan (D:5)
  18 killer bees
  8 howler monkeys
  A bombardier beetle (D:5)
  A jelly (D:5)
  3 hounds
  5 orc priests
  2 sleepcaps
  2 gnoll boudas (D:8)
  4 iguanas (D:5)
  13 orc wizards
  10 gnolls
  3 adders
  4 white imps
  2 ufetubi (D:5)
  2 ribbon worms (D:2)
  2 dart slugs
  46 orcs
  12 ball pythons
  3 bats
  9 endoplasms
  6 giant cockroaches
  9 goblins
  10 hobgoblins
  5 jackals
  16 kobolds
  3 quokkas
  3 frilled lizards
  3 rats
280 creatures vanquished.

Vanquished Creatures (others)
  A sky beast (D:8)
  An orc (D:4)
2 creatures vanquished.

Grand Total: 282 creatures vanquished

Notes
Turn   | Place    | Note
-------+----------+-------------------------------------------
     0 | D:1      | msghost the Minotaur Fighter began the quest for the Orb.
     0 | D:1      | Reached XP level 1. HP: 19/19 MP: 0/0
   148 | D:1      | Reached XP level 2. HP: 22/27 MP: 1/1
   530 | D:1      | Reached XP level 3. HP: 33/33 MP: 2/2
   915 | D:2      | Found a faded altar of an unknown god.
   928 | D:2      | Got Plato's Excursus on Trauma
  1219 | D:3      | Identified the +10 plate armour of Poor Excuses {SInv}
  1457 | D:3      | Found a stormy altar of Qazlal.
  1665 | D:3      | Reached XP level 4. HP: 40/40 MP: 3/3
  1819 | D:3      | Found an opulent altar of Gozag.
  1819 | D:3      | Found a glowing silver altar of Zin.
  2353 | D:4      | Reached XP level 5. HP: 13/47 MP: 4/4
  2774 | D:4      | Reached skill level 5 in Axes
  3018 | D:4      | Reached XP level 6. HP: 55/55 MP: 5/5
  3183 | D:4      | Found an ornate altar of the Wu Jian Council.
  3212 | D:4      | Found an ancient bone altar of Kikubaaqudgha.
  3688 | D:5      | Entered Level 5 of the Dungeon
  3713 | D:5      | Reached skill level 5 in Armour
  3713 | D:5      | Reached skill level 5 in Shields
  3718 | D:5      | Reached skill level 5 in Fighting
  3732 | D:5      | Found a hide-covered altar of Uskayaw.
  3732 | D:5      | Found a hazy altar of Hepliaklqana.
  3733 | D:5      | Found a blossoming altar of Fedhas.
  4278 | D:5      | Noticed Duvessa
  4278 | D:5      | Noticed Dowan
  4280 | D:5      | Killed Duvessa
  4281 | D:5      | Reached XP level 7. HP: 61/61 MP: 6/6
  4288 | D:5      | Killed Dowan
  4808 | D:6      | Reached skill level 1 in Throwing
  4930 | D:6      | Noticed Maggie
  4946 | D:6      | Killed Maggie
  4947 | D:6      | Reached XP level 8. HP: 69/70 MP: 7/7
  5021 | D:6      | Reached skill level 5 in Throwing
  5179 | D:6      | Found a staircase to the Ecumenical Temple.
  5191 | Temple   | Entered the Ecumenical Temple
  5398 | D:6      | You fall into a shaft and drop 1 floor!
  5539 | D:6      | Found a burning altar of Makhleb.
  6215 | Temple   | Upgraded the game from 0.31-a0-1611-g890cdf5 to
                  | 0.31-a0-1612-g4aaf141
  6235 | Temple   | Became a worshipper of Cheibriados the Contemplative
  6453 | D:7      | Reached XP level 9. HP: 71/75 MP: 8/8
  6516 | D:7      | Found a shimmering altar of Xom.
  6626 | D:7      | Reached skill level 10 in Axes
  6717 | D:7      | Reached * piety under Cheibriados
  7567 | D:8      | Noticed Maurice
  7636 | D:8      | Reached skill level 10 in Armour
  7658 | D:8      | Reached ** piety under Cheibriados
  7755 | D:8      | Killed Maurice
  7756 | D:8      | Reached XP level 10. HP: 80/83 MP: 6/9
  8320 | D:8      | Reached *** piety under Cheibriados
  8776 | D:9      | HP: 4/83 [poisoned by you (poison gas)]
  9498 | D:9      | Found Nykkaona's Self-Improvement Boutique.
  9528 | D:9      | Reached **** piety under Cheibriados
  9902 | D:10     | Entered Level 10 of the Dungeon
 10072 | D:10     | Found a radiant altar of Vehumet.
 10547 | D:11     | Noticed a two-headed ogre
 10553 | D:11     | Killed a two-headed ogre
 10554 | D:11     | Reached XP level 11. HP: 95/95 MP: 10/10
 10634 | D:11     | Reached ***** piety under Cheibriados
 10637 | D:11     | Found a staircase to the Orcish Mines.
 10691 | D:11     | Noticed a death yak
 10691 | D:11     | Noticed a death yak
 10696 | D:11     | Killed a death yak
 10699 | D:11     | Killed a death yak
 10700 | D:11     | Noticed a death yak
 10711 | D:11     | Killed a death yak
 10822 | D:11     | Found a staircase to the Lair.
 10841 | Lair:1   | Entered Level 1 of the Lair of Beasts
 11113 | D:11     | Noticed a skeletal warrior
 11118 | D:11     | Reached skill level 10 in Fighting
 11120 | D:11     | Killed a skeletal warrior
 11127 | D:11     | Noticed a soul eater
 11154 | D:11     | Noticed a harpy
 11158 | D:11     | Killed a harpy
 11429 | Orc:1    | Entered Level 1 of the Orcish Mines
 11510 | Orc:1    | Noticed an ogre mage
 11516 | Orc:1    | Paralysed by an ogre mage for 2 turns
 11518 | Orc:1    | Killed an ogre mage
 11540 | Orc:1    | Noticed an ettin
 11549 | Orc:1    | HP: 5/103 [ettin/+1 dire flail of protection (15)]
 11551 | Orc:1    | Mangled by an ettin

Illustrated notes

Levels and vault maps discovered:
D:1:      minmay_arrival_hallway, layout_basic
D:2:      layout_rooms, shapermc_ecumenical_altar_rom_forum, minmay_octomino_e4
D:3:      kennysheep_the_goblin_king, layout_basic,
          grunt_temple_overflow_gold_and_silver, grunt_qazlal_sundering
D:4:      layout_rooms, mainiacjoe_overflow_swirl, serial_bayou,
          serial_bayou_pond_e, serial_bayou_pond_b, serial_bayou_lagoon_b,
          serial_bayou_crossing, chequers_big_river
D:5:      layout_basic, chequers_temple_overflow_statue_of_worship, uniq_duvessa
D:6:      layout_basic, lemuel_round_altar, minmay_temple_entry_mini_moons,
          uniq_maggie
D:7:      layout_loops_cross, lemuel_doored_altar
D:8:      layout_cave_pools, serial_co_window_serial, co_window_paths_a,
          co_window_of_opportunity_a, co_window_corner_a,
          co_window_of_opportunity_a, co_window_cross_1,
          co_window_unsneaky_path_b, co_window_unsneaky_path_c,
          co_window_2corner, co_window_2corner, glass_columns_a,
          glass_columns_a, glass_columns_a, glass_columns_a, glass_columns_a,
          uniq_maurice
D:9:      layout_roguey, nicolae_shop_self_help
D:10:     layout_gridville, vehumet_crystals
D:11:     layout_basic, dpeg_lair_monsters, david_orc_5,
          minmay_mirror_moons_of_madness
Temple:   bh_familiar_temple
Lair:1:   layout_loops_ring, serial_bayou_shore_b, grunt_megastairs_2
Orc:1:    giant_chief_lemuel, layout_diamond_mine, serial_shops, shop,
          nicolae_shop_pleasant_corner_grove, basic_altar, uniq_harold

Skill      XL: |  1  2  3  4  5  6  7  8  9 10 11 |
---------------+----------------------------------+-----
Axes           | 3 4 5 6 8 9 10 11 13 | 13.5
Shields        | 4 5 |  5.8
Fighting       | 4 5 8 11 | 11.6
Armour         | 4 5 11 13 | 13.0
Throwing       | 3 5 6 |  6.4

Action                     |  1- 3 |  4- 6 |  7- 9 | 10-12 || total
---------------------------+-------+-------+-------+-------++-------
  Melee: War axe           |    93 |   147 |    78 |       ||   318
         Headbutt          |    13 |    25 |    35 |    50 ||   123
         Battleaxe         |       |       |   102 |   220 ||   322
  Throw: Stone             |     5 |       |       |       ||     5
         Javelin           |       |     2 |     2 |     7 ||    11
         Boomerang         |       |       |    37 |    17 ||    54
         Throwing net      |       |       |       |     1 ||     1
    Use: Scroll            |     1 |     3 |     2 |     6 ||    12
         Potion            |       |     1 |       |     3 ||     4
 Armour: Scale mail        |    43 |       |       |       ||    43
         Plate armour      |    16 |   106 |   223 |   283 ||   628
  Dodge: Dodged            |    51 |    28 |    84 |   149 ||   312
  Block: Buckler           |    24 |    52 |    33 |       ||   109

Table legend: (Time is in decaauts)
 A = Elapsed time spent in this place.
 B = Non-inter-level travel time spent in this place.
 C = Inter-level travel time spent in this place.
 D = Time resting spent in this place.
 E = Time spent auto-exploring this place.
 F = Levels seen in this place.
 G = Mean time per level.
                   A        B        C        D        E       F      G
               +--------+--------+--------+--------+--------+-----+--------+
         Total |  13777 |  12121 |   1656 |   2320 |   5002 |  14 |  984.1 |
       Dungeon |  13084 |  11827 |   1257 |   2266 |   5002 |  11 | 1189.5 |
        Temple |    543 |    144 |    399 |      0 |      0 |   1 |  543.0 |
          Lair |      1 |      1 |      0 |      0 |      0 |   1 |    1.0 |
  Orcish Mines |    147 |    147 |      0 |     54 |      0 |   1 |  147.0 |
               +--------+--------+--------+--------+--------+-----+--------+

Top non-repeatable levels by time:
     D:9: 1771 daAuts
     D:7: 1507 daAuts
    D:11: 1436 daAuts
     D:4: 1403 daAuts
     D:8: 1368 daAuts
     D:3: 1149 daAuts
     D:6: 1128 daAuts
     D:5: 1103 daAuts
    D:10: 981 daAuts
     D:1: 655 daAuts
     D:2: 579 daAuts
  Temple: 543 daAuts
   Orc:1: 147 daAuts
  Lair:1: 1 daAuts
